 Dungeon Crawl Stone Soup version 0.25.1-2-g60ff931df9 (webtiles) character file.

Game seed: 6645133283314599070

196 RUZZLEFAZAZZLE the Firebug (level 6, -2/44 HPs)
             Began as a Human Fire Elementalist on Aug 24, 2020.
             Was an Initiate of Qazlal.
             Slain by an orc wizard
             ... wielding a +0 dagger
              (3 damage)
             ... on level 4 of the Dungeon.
             The game lasted 00:23:04 (4732 turns).

RUZZLEFAZAZZLE the Firebug (HuFE)                   Turns: 4732, Time: 00:23:05

Health: -2/44      AC:  4    Str:  8    XL:     6   Next: 4%
Magic:  0/10       EV: 13    Int: 19    God:    Qazlal [......]
Gold:   68         SH:  0    Dex: 12    Spells: 9/10 levels left

rFire    . . .     SeeInvis .   g - +0 dagger
rCold    . . .     Gourm    .   (no shield)
rNeg     + . .     Faith    .   f - +0 robe
rPois    .         Spirit   .   (helmet restricted)
rElec    .         Reflect  .   (no cloak)
rCorr    .         Harm     .   (no gloves)
MR       +....                  (no boots)
Stlth    ++........             (no amulet)
HPRegen  0.14/turn              e - ring of positive energy
MPRegen  0.12/turn              (no ring)

@: slowed, very slow
A: horns 1, icy blue scales 1, clever 1, clumsy 1, magic resistance 1
a: Renounce Religion


You were on level 4 of the Dungeon.
You worshipped Qazlal.
Qazlal was noncommittal.
You were not hungry.

You visited 2 branches of the dungeon, and saw 6 of its levels.

You collected 68 gold pieces.

Inventory:

Hand Weapons
 g - a +0 dagger (weapon)
Armour
 f - a +0 robe (worn)
Jewellery
 e - a ring of positive energy (left hand)
Scrolls
 a - a scroll of magic mapping {unknown}
 d - 2 scrolls of remove curse
 k - 2 scrolls of teleportation
Potions
 j - a potion of ambrosia
Comestibles
 c - 2 rations


   Skills:
 + Level 2.1 Fighting
 + Level 3.0 Dodging
 - Level 2.0 Stealth
 + Level 2.9 Spellcasting
 + Level 2.4 Conjurations
 + Level 3.8 Fire Magic


You had 9 spell levels left.
You knew the following spells:

 Your Spells              Type           Power        Failure   Level  Hunger
a - Foxfire               Conj/Fire      ##..         4%          1    None

Your spell library contained the following spells:

 Spells                   Type           Power        Failure   Level  Hunger
 Conjure Flame            Conj/Fire      ##......     13%         3    ###....
 Inner Flame              Hex/Fire       ##......     22%         3    ###....
 Sticky Flame             Conj/Fire      ##......     38%         4    ####...
 Fireball                 Conj/Fire      ##........   75%         5    ######.


Dungeon Overview and Level Annotations

Branches:
Dungeon (5/15)             Temple (1/1) D:4

Altars:
Ashenzari
Dithmenos
Fedhas
Gozag
Kikubaaqudgha
Makhleb
Nemelex Xobeh
Okawaru
Qazlal
Ru
Trog
Vehumet
Wu Jian
Yredelemnul
Zin

Shops:
D:5 }


Innate Abilities, Weirdness & Mutations

You have a pair of small horns on your head.
You are partially covered in icy blue scales. (AC +2)
Your mind is acute. (Int +2)
You are clumsy. (Dex -2)
You are resistant to hostile enchantments. (MR+)


Message History

The orc wizard is moderately wounded.
The orc wizard points at you and mumbles some strange words.
You feel yourself slow down.
You closely miss the orc wizard.
The orc wizard is moderately wounded.
The orc wizard closely misses you.
The orc wizard hits you with a +0 dagger.
* * * LOW HITPOINT WARNING * * *
You hit the orc wizard. Your headbutt misses the orc wizard.
The orc wizard is heavily wounded.
The orc wizard misses you.
The orc wizard hits you with a +0 dagger.
* * * LOW HITPOINT WARNING * * *
The orc wizard hits you with a +0 dagger.
* * * LOW HITPOINT WARNING * * *
Casting: Foxfire (safe; 4% risk of failure)
Confirm with . or Enter, or press ? or * to list all spells.
You conjure some foxfire!
The orc wizard hits you with a +0 dagger.
You die...

##..........##.#
#.....#####.##o#
##...###.......#
...#####..###.##.####
..............##.#
########..######.# #..#
#.# #v)######.#
#@o.....>.# #v#########
#.# ##########
#.######........#
#######.##......#####.#
........##.###..#####.#
######>..#.........##.#
#.......##.[##.##.#
##......##..##.##.#


You could see an orc wizard (fast).

Vanquished Creatures
  An orc wizard (D:4)
  A bullfrog skeleton (D:3)
  A worker ant (D:4)
  6 adders
  A worm (D:2)
  2 orcs
  3 giant cockroaches
  6 goblins
  8 hobgoblins
  9 jackals
  5 kobolds
  A quokka (D:5)
  A ball python (D:2)
  8 bats
  2 frilled lizards
  A rat (D:1)
56 creatures vanquished.

Vanquished Creatures (others)
  168 foxfires
168 creatures vanquished.

Grand Total: 224 creatures vanquished

Notes
Turn   | Place    | Note
-------+----------+-------------------------------------------
     0 | D:1      | RUZZLEFAZAZZLE the Human Fire Elementalist began the quest
                  | for the Orb.
     0 | D:1      | Reached XP level 1. HP: 13/13 MP: 3/3
   267 | D:1      | Reached XP level 2. HP: 20/20 MP: 3/5
   301 | D:1      | Found a shattered altar of Ashenzari.
   803 | D:2      | Reached XP level 3. HP: 25/25 MP: 2/6
   866 | D:2      | Gained mutation: Your magical capacity is low. (-10% MP)
                  | [potion of mutation]
   866 | D:2      | Lost mutation: Your magical capacity is low. (-10% MP)
                  | [potion of mutation]
   866 | D:2      | Gained mutation: You are clumsy. (Dex -2) [potion of
                  | mutation]
   866 | D:2      | Gained mutation: You expend magic power (3 MP) to
                  | strengthen your wands. [potion of mutation]
   867 | D:2      | Lost mutation: You are clumsy. (Dex -2) [potion of
                  | mutation]
   867 | D:2      | Lost mutation: You expend magic power (3 MP) to strengthen
                  | your wands. [potion of mutation]
   867 | D:2      | Gained mutation: Potions are less effective at restoring
                  | your health. [potion of mutation]
   867 | D:2      | Gained mutation: Your skin changes colour to match your
                  | surroundings (Stealth+). [potion of mutation]
   879 | D:2      | Reached skill level 1 in Fighting
  1173 | D:2      | Lost mutation: Your skin changes colour to match your
                  | surroundings (Stealth+). [potion of mutation]
  1173 | D:2      | Lost mutation: Potions are less effective at restoring your
                  | health. [potion of mutation]
  1173 | D:2      | Gained mutation: You are frail. (-10% HP) [potion of
                  | mutation]
  1173 | D:2      | Gained mutation: You occasionally shout uncontrollably at
                  | your foes. [potion of mutation]
  1173 | D:2      | Gained mutation: You are resistant to hostile enchantments.
                  | (MR+) [potion of mutation]
  1174 | D:2      | Lost mutation: You occasionally shout uncontrollably at
                  | your foes. [potion of mutation]
  1174 | D:2      | Lost mutation: You are frail. (-10% HP) [potion of
                  | mutation]
  1174 | D:2      | Gained mutation: Your mind is acute. (Int +2) [potion of
                  | mutation]
  1174 | D:2      | Gained mutation: You are partially covered in icy blue
                  | scales. (AC +2) [potion of mutation]
  1174 | D:2      | Gained mutation: You are clumsy. (Dex -2) [potion of
                  | mutation]
  1174 | D:2      | Gained mutation: You have a pair of small horns on your
                  | head. [potion of mutation]
  1578 | D:2      | Reached XP level 4. HP: 32/32 MP: 3/7
  2728 | D:3      | Reached XP level 5. HP: 17/38 MP: 4/8
  3095 | D:3      | Found a sacrificial altar of Ru.
  3483 | D:3      | Found an iron altar of Okawaru.
  3645 | D:4      | Found a staircase to the Ecumenical Temple.
  3654 | Temple   | Entered the Ecumenical Temple
  3850 | Temple   | Became a worshipper of Qazlal Stormbringer
  4385 | D:5      | Entered Level 5 of the Dungeon
  4385 | D:5      | Found Zevegi's Gadget Shop.
  4523 | D:5      | Found a basalt altar of Yredelemnul.
  4726 | D:4      | Reached XP level 6. HP: 10/44 MP: 0/10
  4731 | D:4      | HP: 1/44 [orc wizard/+0 dagger (3)]
  4732 | D:4      | Slain by an orc wizard

Illustrated notes

Levels and vault maps discovered:
D:1:      dpeg_arrival_pits, layout_basic, serial_curves, eino_curves_01,
          eino_curves_04, nicolae_ashenzari_panopticon
D:2:      layout_basic, kennysheep_generic_room_6
D:3:      layout_rooms, marbit_many_paths, nicolae_overflow_hidden_temple,
          kennysheep_nub
D:4:      layout_loops_corners, tso_altar, minmay_temple_entry_overgrown,
          first_ration, uniq_blork_the_orc
D:5:      layout_loops_cross, kennysheep_slug_shrine, lemuel_crystal_altar,
          serial_shops, shop, nicolae_qazlal_eye_of_the_storm
Temple:   minmay_temple_bridge_abc

Skill      XL: |  1  2  3  4  5 |
---------------+----------------+-----
Fighting       | 1 2 |  2.1
Conjurations   | 2 |  2.4
Dodging        | 3 |  3.0
Stealth        | |  2.0
Spellcasting   | |  2.9
Fire Magic     | |  3.8

Action                   |  1- 3 |  4- 6 || total
-------------------------+-------+-------++-------
Melee: Unarmed           |     1 |       ||     1
       Dagger            |    37 |    33 ||    70
       Short sword       |     5 |       ||     5
       Headbutt          |     3 |     8 ||    11
 Cast: Foxfire           |    38 |    81 ||   119
  Use: Scroll            |     5 |     2 ||     7
       Potion            |     5 |     7 ||    12
 Stab: Sleeping          |     3 |     3 ||     6
  Eat: Chunk             |     3 |     3 ||     6
       Ration            |       |     2 ||     2
Armor: Robe              |    25 |    10 ||    35
Dodge: Dodged            |    56 |    48 ||   104
